 Dungeon Crawl Stone Soup version 0.24.1-8-ga250c9d538 (webtiles) character file.

Game seed: 9457851851478913278, levelgen mode: deterministic

72 lepoulpe303 the Covered (level 4, 0/42 HPs)
             Began as a Deep Dwarf Fighter on May 4, 2020.
             Slain by a sky beast (2 damage)
             ... on level 2 of the Dungeon.
             The game lasted 00:06:09 (1335 turns).

lepoulpe303 the Covered (Deep Dwarf Fighter)        Turns: 1335, Time: 00:06:09

Health: 0/42       AC: 10    Str: 25    XL:     4   Next: 6%
Magic:  4/4        EV:  7    Int:  9    God:
Gold:   75         SH: 10    Dex: 12    Spells: 3/3 levels left

rFire    + + .     SeeInvis .   a - +0 war axe
rCold    . . .     Gourm    .   c - +0 shield
rNeg     . . .     Faith    .   b - +0 scale mail
rPois    .         Spirit   .   n - +0 helmet
rElec    .         Reflect  .   l - +0 cloak
rCorr    .         Harm     .   A - +0 pair of gloves
MR       .....                  (no boots)
Stlth    ..........             (no amulet)
HPRegen  0.00/turn              x - ring of protection from fire
MPRegen  0.09/turn              F - ring of protection from fire

@: mighty, non-regenerating
A: damage resistance, heal wounds, sense surroundings 1, no regeneration
a: Heal Wounds


You were on level 2 of the Dungeon.
You were not hungry.

You visited 1 branch of the dungeon, and saw 3 of its levels.

You collected 75 gold pieces.

Inventory:

Hand Weapons
 a - a +0 war axe (weapon)
Missiles
 v - 7 poisoned darts (quivered)
 w - 2 javelins
Armour
 b - a +0 scale mail (worn)
 c - a +0 shield (worn)
 l - a +0 cloak (worn)
 n - a +0 helmet (worn)
 A - a +0 pair of gloves (worn)
Jewellery
 m - a cursed -2 ring of dexterity {unknown}
 x - a ring of protection from fire (left hand)
 F - a ring of protection from fire (right hand)
Scrolls
 f - a scroll of noise {!r}
 i - 3 scrolls of identify
 k - a scroll of blinking {unknown}
 o - a scroll of fog {unknown}
 q - 2 scrolls of random uselessness
 t - 5 scrolls of teleportation
 u - a scroll of enchant weapon {unknown}
 y - a scroll of enchant armour {unknown}
Potions
 d - a potion of might
 h - 3 potions of curing {unknown}
 j - a potion of flight {unknown}
 p - a potion of brilliance {unknown}
 s - 2 potions of lignification {unknown}
 z - a potion of degeneration {unknown}
Comestibles
 e - 4 rations
 g - 2 chunks of flesh


   Skills:
 + Level 3.2 Fighting
 * Level 3.4 Axes
 + Level 3.8 Armour
 + Level 3.7 Shields


You had 3 spell levels left.
You didn't know any spells.
Your spell library was empty.

Dungeon Overview and Level Annotations

Branches:
Dungeon (3/15)

Altars:
Fedhas
Trog


Innate Abilities, Weirdness & Mutations

You are resistant to damage.
You can heal yourself by infusing magical energy.
You passively map a small area around you.
You do not regenerate.


Message History

You barely miss the sky beast.
The sky beast flickers out of sight!
Deactivating autopickup; reactivate with Ctrl-A.
Something hits you but does no damage.
You barely miss something. Something hits you but does no damage.
Something hits you.
* * * LOW HITPOINT WARNING * * *
Something shocks you.
* * * LOW HITPOINT WARNING * * *
You take 8 damage, and have 8/42 hp.
You feel very mighty all of a sudden. Something hits you. Something shocks you.
* * * LOW HITPOINT WARNING * * *
You take 3 damage, and have 5/42 hp.
You miss something. Something hits you.
* * * LOW HITPOINT WARNING * * *
Something shocks you.
* * * LOW HITPOINT WARNING * * *
You take 3 damage, and have 2/42 hp.
You miss something. Something hits you.
You die...

##...##.........####.......##
###....>.......##.≈.≈....###
####.........##≈≈≈≈≈.#.### #
####.#.####..._≈≈##.#.. ###
##..#.####..≈≈..##...# ..##
#..##.^.[#.≈....##(.## ...#
#.######...#...#...## #..#####
#.# ####>.....##...#
.......#####.###@{≈≈###......÷#
..........##.##..#### #.#.#...###
....#####.##.##.#######.......)..
#...# #....#..###.......###.###
#...# #.......##......### #÷# #
#...# #.####..<......## #.# #
#..## ###.# ##.##......# #.# #
...# #...# #.....#..### ##.###
#### #.### #...##..## #..#..


There were no monsters in sight!

Levels and vault maps discovered:
D:1:      moated_graveyard_arrival, layout_loops_ring
D:2:      layout_rooms, fedhas_altar_2, trog_three_pillars_becter
D:3:      layout_basic, okawaru_ov_weapons_minmay, kiku_gazebo_garden_becter,
          minmay_fractal_squares_gapless_5

Notes
Turn   | Place    | Note
-------+----------+-------------------------------------------
     0 | D:1      | lepoulpe303 the Deep Dwarf Fighter began the quest for the
                  | Orb.
     0 | D:1      | Reached XP level 1. HP: 20/20 MP: 1/1
    40 | D:1      | Identified a +0 dagger
   141 | D:1      | Identified a +0 cloak (You found it on level 1 of the
                  | Dungeon)
   195 | D:1      | Identified a +0 helmet (You found it on level 1 of the
                  | Dungeon)
   202 | D:1      | Identified a +0 club
   316 | D:1      | Reached XP level 2. HP: 27/27 MP: 2/2
   459 | D:1      | You fall into a shaft and drop 1 floor!
   517 | D:2      | Found a blossoming altar of Fedhas.
   551 | D:2      | Reached skill level 3 in Axes
   551 | D:2      | Reached XP level 3. HP: 29/33 MP: 3/3
   709 | D:1      | Identified a +0 short sword
   715 | D:1      | Reached skill level 3 in Fighting
   861 | D:1      | Identified a +0 pair of gloves (You found it on level 1 of
                  | the Dungeon)
   861 | D:1      | Identified 5 scrolls of teleportation
   862 | D:1      | Identified 4 scrolls of identify
   862 | D:1      | Identified a ring of protection from fire (You found it on
                  | level 1 of the Dungeon)
   865 | D:1      | Identified 3 scrolls of random uselessness
   990 | D:2      | Found a bloodstained altar of Trog.
  1083 | D:2      | Identified a +0 dagger
  1184 | D:2      | Reached XP level 4. HP: 34/42 MP: 4/4
  1265 | D:2      | Identified 2 scrolls of noise
  1297 | D:3      | Identified a +0 leather armour
  1297 | D:3      | Noticed a sky beast
  1299 | D:3      | Identified a +0 whip of pain
  1299 | D:3      | Identified a cursed +0 ring mail
  1304 | D:3      | Identified a +0 dagger
  1304 | D:3      | Identified a +0 leather armour
  1332 | D:2      | HP: 8/42 [something (5)]
  1334 | D:2      | HP: 2/42 [something (2)]
  1335 | D:2      | Slain by a sky beast

Table legend:
 A = Turns spent in this place as a percentage of turns spent in the entire game.
 B = Non-inter-level travel turns spent in this place as a percentage of non-inter-level travel turns spent in the entire game.
 C = Inter-level travel turns spent in this place as a percentage of turns spent in this place.
 D = Turns resting spent in this place as a percentage of non-inter-level travel turns spent in this place.
 E = Turns spent auto-exploring this place as a percentage of non-inter-level travel turns spent in this place.
 F = Non-inter-level travel turns spent in this place divided by the number of levels of this place that you've seen.
                   A       B       C       D       E      F
               +-------+-------+-------+-------+-------+----------------------
         Total | 100.0 | 100.0 |   8.1 |   0.2 |  70.1 | 409.0
       Dungeon | 100.0 | 100.0 |   8.1 |   0.2 |  70.1 | 409.0
               +-------+-------+-------+-------+-------+----------------------

Table legend:
 A = Kills in this place as a percentage of kills in entire the game.
 B = Kills by you in this place as a percentage of kills by you in the entire game.
 C = Kills by friends in this place as a percentage of kills by friends in the entire game.
 D = Other kills in this place as a percentage of other kills in the entire game.
 E = Experience gained in this place as a percentage of experience gained in the entire game.
 F = Experience gained in this place divided by the number of levels of this place that you have seen.
                   A       B       C       D       E      F
               +-------+-------+-------+-------+-------+----------------------
         Total | 100.0 | 100.0 |   N/A |   N/A | 100.0 |  34.3
       Dungeon | 100.0 | 100.0 |   N/A |   N/A | 100.0 |  34.3
               +-------+-------+-------+-------+-------+----------------------

Skill      XL: |  1  2  3 |
---------------+----------+-----
Axes           | 3 |  3.4
Fighting       | 3 |  3.2
Armour         | |  3.8
Shields        | |  3.7

Action                   |  1- 3 |  4- 6 || total
-------------------------+-------+-------++-------
Melee: War axe           |   115 |    26 ||   141
Throw: Dart              |    44 |    10 ||    54
  Use: Scroll            |     3 |     1 ||     4
       Potion            |       |     1 ||     1
  Eat: Chunk             |     1 |     1 ||     2
Armor: Scale mail        |    63 |    21 ||    84
Dodge: Dodged            |    37 |     3 ||    40
Block: Shield            |    59 |     7 ||    66

Vanquished Creatures
  3 adders (D:2)
  A worm (D:2)
  2 dart slugs (D:1)
  2 leopard geckos (D:2)
  An orc (D:3)
  A ball python (D:2)
  2 bats
  2 giant cockroaches (D:2)
  5 hobgoblins
  4 frilled lizards
  4 goblins
  3 kobolds
  6 rats
36 creatures vanquished.
